 Dungeon Crawl Stone Soup version 0.30-a0-553-g7fabdf1491 (webtiles) character file.

Game seed: 15815390574318391250

42 kae the Insei (level 3, -5/26 HPs)
             Began as a Demonspawn Transmuter on Dec 26, 2022.
             Slain by an iguana (9 damage)
             ... on level 2 of the Dungeon.
             The game lasted 00:01:00 (877 turns).

kae the Insei (Demonspawn Transmuter)                Turns: 877, Time: 00:01:00

Health: -5/26      AC:  2    Str: 10    XL:     3   Next: 35%
Magic:  3/6        EV: 19    Int: 16    God:
Gold:   19         SH:  0    Dex: 18    Spells: 0/6 levels left

rFire   . . .      SeeInvis .      - Unarmed
rCold   . . .      Faith    .    (shield currently unavailable)
rNeg    . . .      Spirit   .    (body armour currently unavailable)
rPois   x          Reflect  .    (helmet currently unavailable)
rElec   .          Harm     .    (cloak currently unavailable)
rCorr   .          Rampage  .    (gloves currently unavailable)
Will    .....                    (boots currently unavailable)
Stlth   ++                       (no amulet)
HPRegen 0.24/turn                (no ring)
MPRegen 0.10/turn                (no ring)

@: spider-form
A: venomous fangs, tiny, (sanguine armour 1), demonic magic 1
a: End Transformation


You were on level 2 of the Dungeon.
You were a venomous arachnid creature.
You visited 1 branch of the dungeon, and saw 2 of its levels.

You collected 19 gold pieces.


Innate Abilities, Weirdness & Mutations

You are a venomous arachnid creature.
You have poisonous fangs.
You are tiny and dextrous.
Your spellcasting is less reliable in this form.
Your armour is entirely melded.
You are incapable of wielding weapons or throwing items.
((When seriously injured, your blood forms armour. (AC +0)))
Spells you cast may paralyse adjacent enemies.


   Skills:
 - Level 1.0 Fighting
 - Level 1.7 Dodging
 + Level 3.1 Unarmed Combat
 + Level 2.4 Spellcasting
 * Level 2.7 Transmutations
 * Level 0.4 Poison Magic


You couldn't memorise any spells.
You knew the following spells:

 Your Spells              Type           Power      Damage    Failure   Level
a - Beastly Appendage     Tmut           20%        N/A       19%         1
b - Wereblood             Tmut           10%        N/A       24%         2
c - Spider Form           Tmut/Pois      6%         N/A       54%         3

Your spell library contained the following spells:

 Spells                   Type           Power      Damage    Failure   Level
 Scorch                   Fire           2%         2d5       52%         2
 Ice Form                 Ice/Tmut       6%         N/A       89%         4
 Flame Wave               Conj/Fire      1%         2d4       97%         4
 Summon Cactus Giant      Summ           0%         N/A       100%        6

Inventory:

Missiles
 e - 11 stones
Armour
 a - a +0 robe (melded)
Scrolls
 g - a scroll of noise {!r}
Potions
 b - a potion of lignification {!q}
 c - a potion of might {unknown}
 h - a potion of curing {unknown}

Dungeon Overview and Level Annotations

Branches:
Dungeon (2/15) Zot: 11125

Altars:

#.......#
###.....# ##
####.. .# #..##.#
. #.... . #..##.#
#.#.... . #..##.#
#.#...#.# #.....#
#.....#.#
#.###S##.##.......
#.# #.##.......l#
#. ..# #s## #.†##
#...# ...........+
#####...#### #..##
#.## #.# #.


You could see an iguana (very poisoned).


Message History

Okay, then.
You hit the rat.
You kill the rat!
No target in view!
No target in view!
No target in view!
No target in view!
No target in view!
An adder comes into view.
An adder is nearby!
Casting: Beastly Appendage (safe; 7% risk of failure)
Confirm with . or Enter, or press ? or * to list all spells.
You grow a pair of large bovine horns.
Your feet morph into talons.
Malevolent energies surge around you.
The adder hisses angrily. 😎 MP[-1]
You lost 1 mp, and now have 5/6 mp.
The adder barely misses you.
You hit the adder but do no damage. You claw the adder. The adder misses you.
You barely miss the adder. Your kick misses the adder.
Your headbutt misses the adder. The adder bites you.
You are poisoned.
The adder poisons you! The adder bites you.
You hit the adder. You claw the adder.
You kill the adder!
You feel sick. 😮 HP[-7]
You take 7 damage, and now have 19/26 hp.
MASSIVE DAMAGE!! (PAUSE)
You feel sick.
Your blood congeals into armour.
You feel sick.
You feel sick.
You feel sick.
You are no longer poisoned.
Your transformation is almost over.
Your blood armour dries and flakes away.
Your horns disappear.
Your talons disappear.
You now have 19 gold pieces (gained 10).
Key pressed, stopping explore.
An adder comes into view. 😎 HP[+7] MP[+1]
Your hp is fully restored (26).
Your mp is fully restored (6).
An adder is nearby!
Unknown command.
An adder is nearby!
As you read the scroll labelled OXTANT VUROYTS, it crumbles to dust.
You feel strangely unstable.
It was a scroll of teleportation.
The adder hisses angrily.
As you read the scroll labelled TIWIUGH IGARIO, it crumbles to dust.
Your body is wracked with pain!
Your blood congeals into armour.
The adder convulses!
It was a scroll of torment. 😮 HP[-11]
You take 11 damage, and now have 15/26 hp.
MASSIVE DAMAGE!! (PAUSE)
As you read the scroll labelled YMUZUI ASSI, it crumbles to dust.
You hear a loud clanging noise!
It was a scroll of noise.
Your surroundings suddenly seem different.
A rat comes into view.
Casting: Beastly Appendage (safe; 7% risk of failure)
Confirm with . or Enter, or press ? or * to list all spells.
You grow a pair of large bovine horns.
Your feet morph into talons.
Malevolent energies surge around you. 😮 MP[-1]
You lost 1 mp, and now have 5/6 mp.
You hit the rat.
You kill the rat! 😮 HP[+1]
An iguana comes into view.
The iguana moves out of view.
You see here a rat corpse.
The iguana hisses angrily.
Unknown command.
You see here a rat corpse. 😮 HP[+1]
Casting: Beastly Appendage (safe; 7% risk of failure)
Confirm with . or Enter, or press ? or * to list all spells.
The spell is extremely dangerous to miscast (32% risk of failure)!
Continue anyway? [Y]es or [N]o only, please.
The spell is extremely dangerous to miscast (32% risk of failure)!
Continue anyway?
Your horns disappear.
Your talons disappear.
You turn into a venomous arachnid creature.
Your +0 robe melds into your body.
Malevolent energies surge around you.
Your blood armour dries and flakes away. 😮 MP[-3]
You lost 3 mp, and now have 2/6 mp.
You see here a rat corpse. 😮 MP[+1]
The iguana bites you. 😮 HP[-3]
You take 3 damage, and now have 14/26 hp.
You hit the iguana.
The iguana is poisoned.
The iguana bites you!
* * * LOW HITPOINT WARNING * * *
😱 HP[-10]
You take 10 damage, and now have 4/26 hp.
MASSIVE DAMAGE!! (PAUSE)
You barely miss the iguana. The iguana bites you!
You die...

Skill      XL: |  1  2 |
---------------+-------+-----
Transmutations | 2 |  2.7
Unarmed Combat | 3 |  3.1
Fighting       | |  1.0
Dodging        | |  1.7
Spellcasting   | |  2.4
Poison Magic   | |  0.4

Action                   || total
-------------------------++-------
Melee: Unarmed           ||    55
       Kick              ||     9
       Headbutt          ||     5
       Punch             ||     1
 Cast: Beastly Appendage ||    16
       Spider Form       ||     1
  Use: Scroll            ||     3
 Stab: Sleeping          ||     3
Armor: Robe              ||    10
Dodge: Dodged            ||    35

Levels and vault maps discovered:
D:1:      minmay_arrival_diagonal_passages, layout_loops_cross, minivault_25
D:2:      layout_loops_corners, serial_shops, nicolae_shop_crystal,
          minmay_gold_behind_fungi, uniq_robin, uniq_sigmund

Notes
Turn   | Place    | Note
-------+----------+-------------------------------------------
     0 | D:1      | kae the Demonspawn Transmuter began the quest for the Orb.
     0 | D:1      | Reached XP level 1. HP: 15/15 MP: 3/3
     0 | D:1      | magus.rc [v1.11.3]
    92 | D:1      | Reached skill level 2 in Transmutations
   198 | D:1      | Gained mutation: When seriously injured, your blood forms
                  | armour. (AC +0) [demonic ancestry]
   198 | D:1      | Reached XP level 2. HP: 16/21 MP: 3/5
   338 | D:1      | You pick up a book of Scorching and begin reading...
   338 | D:1      | You add the spells Scorch, Flame Wave and Summon Cactus
                  | Giant to your library.
   428 | D:1      | Reached skill level 3 in Unarmed Combat
   550 | D:1      | Gained mutation: Spells you cast may paralyse adjacent
                  | enemies. [demonic ancestry]
   550 | D:1      | Reached XP level 3. HP: 16/26 MP: 6/6
   555 | D:1      | Learned a level 2 spell: Wereblood
   559 | D:1      | Learned a level 3 spell: Spider Form
   876 | D:2      | HP: 4/26 [iguana (11)]
   877 | D:2      | Slain by an iguana

Vanquished Creatures
  An adder (D:2)
  2 ball pythons (D:1)
  3 bats (D:1)
  3 endoplasms (D:1)
  A giant cockroach (D:1)
  4 goblins (D:1)
  6 hobgoblins (D:1)
  3 kobolds (D:1)
  A frilled lizard (D:1)
  7 rats
31 creatures vanquished.

Table legend:
 A = Non-vault XP
 B = Vault XP
 C = Vault XP percentage of total XP
 D = Non-vault monster count
 E = Vault monster count
 F = Vault count percentage of total count
                 A         B        C        D         E       F
            +---------+---------+-------+---------+---------+-------
      Total |      61 |       0 |   0.0 |      31 |       0 |   0.0
            +---------+---------+-------+---------+---------+-------
        D:1 |      46 |       0 |   0.0 |      28 |       0 |   0.0
        D:2 |      15 |       0 |   0.0 |       3 |       0 |   0.0
            +---------+---------+-------+---------+---------+-------

Illustrated notes

Table legend:
 A = Kills in this place as a percentage of kills in entire the game.
 B = Kills by you in this place as a percentage of kills by you in the entire game.
 C = Kills by friends in this place as a percentage of kills by friends in the entire game.
 D = Other kills in this place as a percentage of other kills in the entire game.
 E = Experience gained in this place as a percentage of experience gained in the entire game.
 F = Experience gained in this place divided by the number of levels of this place that you have seen.
                   A       B       C       D       E      F
               +-------+-------+-------+-------+-------+----------------------
         Total | 100.0 | 100.0 |   N/A |   N/A | 100.0 |  30.5
       Dungeon | 100.0 | 100.0 |   N/A |   N/A | 100.0 |  30.5
               +-------+-------+-------+-------+-------+----------------------

Table legend: (Time is in decaauts)
 A = Elapsed time spent in this place.
 B = Non-inter-level travel time spent in this place.
 C = Inter-level travel time spent in this place.
 D = Time resting spent in this place.
 E = Time spent auto-exploring this place.
 F = Levels seen in this place.
 G = Mean time per level.
                   A        B        C        D        E       F      G
               +--------+--------+--------+--------+--------+-----+--------+
         Total |    873 |    848 |     25 |      0 |    668 |   2 |  436.5 |
       Dungeon |    873 |    848 |     25 |      0 |    668 |   2 |  436.5 |
               +--------+--------+--------+--------+--------+-----+--------+

Top non-repeatable levels by time:
     D:1: 781 daAuts
     D:2: 92 daAuts
